Map: Torches LE

Players

LigerMaNN

  • Race: Zerg Zerg
  • League: Diamond
  • Spawn Location: 5:00

LuckyPants - Winner!

  • Race: Protoss Protoss
  • League: Diamond
  • Spawn Location: 1:00

VOD

Have the link to the VOD?

Description

Time

  • Played on: June 26, 2025, 2:48 a.m.
  • Length: 8:21
Show
View Real Time Build Order
Export as new Build Order

LigerMaNN Zerg 

Build Orders: Hatch First 

Get SALT Encoding   

  12  0:01  Drone  
  13  0:13  Overlord  
  13  0:22  Drone  
  14  0:35  Drone x2  
  16  0:48  Hatchery  
  15  0:52  Drone  
  15  0:56  Drone  
  17  1:00  Drone  
  18  1:11  Extractor  
  18  1:16  Spawning Pool  
  16  1:19  Drone  
  16  1:23  Drone  
  18  1:29  Drone  
  20  1:40  Drone  
  20  1:50  Drone  
  21  2:03  Overlord  
  21  2:06  Zergling x2  
  22  2:09  Queen x2  
  22  2:15  Metabolic Boost  
  26  2:19  Drone  
  27  2:30  Hatchery  
  26  2:37  Drone x2  
  26  2:38  Drone  
  26  2:41  Drone  
  30  2:50  Overlord  
  30  2:51  Drone x2  
  30  2:54  Drone  
  33  3:02  Queen  
  33  3:05  Drone  
  36  3:08  Overlord  
  36  3:22  Drone x5  
  41  3:27  Roach Warren  
  41  3:31  Evolution Chamber  
  39  3:37  Spore Crawler  
  39  3:39  Spore Crawler  
  39  3:40  Drone x2  
  39  3:42  Drone  
  39  3:43  Drone, Extractor  
  39  3:46  Drone  
  40  3:54  Queen  
  42  4:09  Roach x3  
  50  4:10  Roach x2  
  50  4:12  Zergling x6  
  50  4:14  Zergling x2  
  50  4:15  Zergling x2  
  57  4:26  Overlord x2  
  57  4:27  Overlord  
  57  4:49  Drone x7  
  57  4:50  Drone x5  
  69  5:05  Drone x3  
  69  5:06  Drone x2, Extractor  
  69  5:07  Drone, Extractor  
  74  5:08  Overlord  
  72  5:28  Spore Crawler  
  71  5:32  Zerg Missile Weapons Level 1  
  71  5:34  Lair  
  71  5:37  Roach x8  
  71  5:40  Roach  
  89  5:49  Overlord  
  89  5:50  Overlord x2  
  89  5:55  Overlord  
  89  5:56  Overlord  
  89  6:05  Overlord  
  89  6:06  Overlord x3  
  87  6:34  Glial Reconstitution  
  87  6:39  Drone x2  
  93  6:40  Drone x17, Hydralisk Den  
  93  6:43  Extractor  
  93  6:45  Extractor  
  103  6:57  Hatchery  
  102  7:10  Hydralisk  
  102  7:11  Hydralisk x8  
  102  7:14  Muscular Augments  
  120  7:25  Ravager x2  
  120  7:26  Ravager x2  
  107  7:57  Roach x3  
  107  7:58  Roach x13  
Show
View Real Time Build Order
Export as new Build Order

LuckyPants Protoss - Winner!

Build Orders: 1 Gate Expand, Oracle Opening 

Get SALT Encoding   

  12  0:00  Probe  
  13  0:23  Probe  
  13  0:25  Pylon  
  14  0:31  Probe  
  14  0:40  Probe  
  15  0:47  Gateway  
  16  0:53  Probe  
  17  1:05  Probe  
  17  1:09  Assimilator  
  18  1:17  Probe  
  19  1:29  Probe, Nexus  
  20  1:36  Assimilator  
  20  1:42  Probe  
  21  1:53  Cybernetics Core  
  21  1:58  Probe  
  22  2:04  Pylon  
  22  2:11  Probe  
  23  2:21  Adept  
  23  2:22  Gateway  
  23  2:25  Probe  
  23  2:36  Warp Gate  
  25  2:45  Stargate  
  25  2:47  Probe  
  25  2:50  Probe  
  27  2:57  Adept  
  29  3:00  Probe  
  29  3:04  Probe  
  31  3:10  Adept  
  33  3:15  Probe  
  33  3:19  Probe  
  35  3:22  Oracle  
  35  3:27  Probe  
  35  3:28  Adept  
  35  3:31  Probe  
  42  3:39  Probe  
  42  3:40  Adept  
  45  3:44  Probe  
  46  3:59  Pylon  
  46  4:10  Oracle  
  46  4:17  Probe x2  
  46  4:18  Nexus  
  46  4:20  Pylon  
  51  4:29  Probe x2  
  53  4:34  Gateway  
  53  4:37  Gateway  
  53  4:41  Probe  
  53  4:42  Twilight Council  
  54  4:47  Probe  
  54  4:50  Assimilator  
  54  4:51  Blink  
  54  4:52  Assimilator  
  55  4:53  Probe  
  55  4:56  Forge  
  56  5:06  Probe x2  
  58  5:18  Oracle  
  58  5:20  Protoss Ground Weapons Level 1  
  61  5:26  Probe  
  62  5:30  Probe  
  62  5:32  Probe  
  64  5:35  Pylon  
  64  5:36  Pylon  
  64  5:39  Pylon  
  64  5:44  Probe x2  
  64  5:45  Stalker  
  64  5:46  Stalker x3  
  74  6:01  Gateway  
  74  6:02  Gateway  
  74  6:04  Pylon  
  74  6:06  Probe x2  
  74  6:09  Pylon  
  74  6:11  Probe  
  77  6:14  Shield Battery  
  77  6:18  Probe  
  77  6:21  Probe  
  77  6:23  Probe  
  80  6:30  Probe  
  81  6:32  Stalker  
  81  6:33  Stalker x3  
  81  6:38  Oracle  
  81  6:39  Probe x2  
  94  6:44  Pylon  
  94  6:46  Pylon  
  94  6:52  Photon Cannon  
  94  6:53  Probe x2  
  96  6:54  Pylon  
  96  7:01  Stalker  
  96  7:02  Stalker  
  96  7:05  Stalker  
  96  7:07  Stalker  
  104  7:10  Probe x3  
  104  7:14  Stalker  
  109  7:29  Stalker x2  
  117  7:34  Void Ray  
  117  7:36  Stalker  
  117  7:37  Stalker x2  
  121  7:39  Stalker  
  105  8:03  Stalker x6  
Tags
 
Add a new tag
Caveats
  • Supply blocks, unpowered buildings, or Contaminate may cause inaccurate times.
  • Supply counts are checked every 10 seconds.